 Dungeon Crawl Stone Soup version 0.21.1-1-g345015fe64 (webtiles) character file.

420 Htamos the Grave Robber (level 6, 0/34 HPs)
             Began as a Deep Elf Necromancer on July 5, 2018.
             Was an Initiate of Ashenzari.
             Shot with an arrow by a centaur (5 damage)
             ... on level 5 of the Dungeon.
             The game lasted 00:14:57 (4550 turns).

Htamos the Grave Robber (Deep Elf Necromancer)      Turns: 4550, Time: 00:14:58

Health: 0/34       AC:  4    Str:  5    XL:     6   Next: 62%
Magic:  11/16      EV: 17    Int: 22    God:    Ashenzari [......]
Gold:   343        SH:  0    Dex: 15    Spells: 12/16 levels left

rFire    . . .     SeeInvis .   o - +3 short sword
rCold    . . .     Gourm    .   (no shield)
rNeg     . . .     Faith    .   a - +0 robe
rPois    .         Spirit   .   k - +2 hat (curse)
rElec    .         Reflect  .   (no cloak)
rCorr    .         Harm     .   (no gloves)
MR       .....                  (no boots)
Stlth    ++........             (no amulet)
HPRegen  0.11/turn              q - +4 ring of evasion (curse)
MPRegen  0.15/turn              (no ring)

@: no status effects
A: no striking features
a: Curse Item, Renounce Religion


You were on level 5 of the Dungeon.
You worshipped Ashenzari.
Ashenzari was noncommittal.
You were hungry.

You visited 1 branch of the dungeon, and saw 5 of its levels.

You collected 343 gold pieces.

Inventory:

Hand Weapons
 d - a +0 short sword
 o - a +3 short sword (weapon)
Missiles
 e - 58 poisoned needles
Armour
 a - a +0 robe (worn)
 k - a cursed +2 hat (worn)
 v - a +0 leather armour
Jewellery
 q - a cursed +4 ring of evasion (left hand)
 w - an uncursed ring of see invisible
Scrolls
 i - a scroll of teleportation {unknown}
 m - a scroll of enchant weapon {unknown}
 n - a scroll of enchant armour {unknown}
 p - a scroll of fog {unknown}
 s - a scroll of identify {unknown}
 t - a scroll of fear {unknown}
Potions
 f - 2 potions of heal wounds {unknown}
 g - a potion of degeneration {unknown}
 h - a potion of invisibility {unknown}
 j - a potion of brilliance {unknown}
 l - a potion of curing
 r - a potion of flight {unknown}
Books
 b - a book of Necromancy

   Spells                             Type                      Level
   a - Pain                           Necromancy                   1
   b - Animate Skeleton               Necromancy                   1
   c - Vampiric Draining              Necromancy                   3
   d - Regeneration                   Charms/Necromancy            3
   e - Animate Dead                   Necromancy                   4
   f - Borgnjor's Vile Clutch         Necromancy/Earth             5
 u - a book of Conjurations

   Spells                             Type                      Level
   a - Magic Dart                     Conjuration                  1
   b - Searing Ray                    Conjuration                  2
   c - Dazzling Spray                 Conjuration/Hexes            3
   d - Fulminant Prism                Conjuration/Hexes            4
   e - Force Lance                    Conjuration/Translocation    4
   f - Iskenderun's Mystic Blast      Conjuration                  4
Comestibles
 c - 11 rations


   Skills:
 * Level 1.2 Fighting
 - Level 2.4 Dodging
 + Level 2.8 Stealth
 + Level 5.9 Spellcasting
 * Level 7.9 Necromancy


You had 12 spell levels left.
You knew the following spells:

 Your Spells              Type           Power        Failure   Level  Hunger
a - Pain                  Necr           ####         1%          1    None
b - Regeneration          Chrm/Necr      ###.......   5%          3    #......


Dungeon Overview and Level Annotations

Branches:
Dungeon (5/15)             Temple (0/1) D:4

Altars:
Ashenzari
Nemelex Xobeh
Qazlal


Message History

Aiming: Pain
Press: ? - help, Shift-Dir - straight line, f/p - centaur
Aim: a centaur, wielding a shortbow (moderately wounded, chance to defeat MR: 84%)
The centaur writhes in agony!
The centaur shoots an arrow.
The arrow closely misses you.
The centaur shoots an arrow.
The arrow closely misses you.
Casting: Pain
Confirm with . or Enter, or press ? or * to list all spells.
Aiming: Pain
Press: ? - help, Shift-Dir - straight line, f/p - centaur
Aim: a centaur, wielding a shortbow (heavily wounded, chance to defeat MR: 84%)
The centaur writhes in agony!
The centaur shoots an arrow.
The arrow closely misses you.
Casting: Pain
Confirm with . or Enter, or press ? or * to list all spells.
Aiming: Pain
Press: ? - help, Shift-Dir - straight line, f/p - centaur
Aim: a centaur, wielding a shortbow (almost dead, chance to defeat MR: 84%)
The centaur writhes in agony!
The centaur shoots an arrow.
The arrow hits you.
You die...

.........#............#..
.........########........
........# #........
........# #........
....c...# #........
........# #####........
........# #............
......!.# #.........#..
>......@# #.........##.
.......(# #.........#
........####.........#
................######
#...............#
#...............#
#....############ #....
#....


You could see a centaur.

Vanquished Creatures
  An ice beast (D:5)
  A scorpion (D:3)
  A centaur skeleton (D:4)
  A hound (D:4)
  An iguana (D:4)
  4 worker ants
  2 oozes
  2 worms
  2 dart slugs
  4 leopard geckos
  6 orcs
  3 ball pythons
  4 bats
  4 giant cockroaches
  9 goblins
  6 hobgoblins
  3 jackals
  12 kobolds
  A quokka (D:3)
  A ball python skeleton (D:3)
  2 frilled lizards
  5 rats
75 creatures vanquished.

Notes
Turn   | Place    | Note
-------+----------+-------------------------------------------
     0 | D:1      | Htamos the Deep Elf Necromancer began the quest for the Orb.
     0 | D:1      | Reached XP level 1. HP: 10/10 MP: 6/6
     7 | D:1      | Reached skill level 5 in Necromancy
   212 | D:1      | Reached XP level 2. HP: 9/15 MP: 1/8
   877 | D:1      | Reached XP level 3. HP: 3/19 MP: 1/9
  1246 | D:1      | Reached skill level 6 in Necromancy
  1672 | D:2      | Reached XP level 4. HP: 14/24 MP: 5/11
  2202 | D:3      | Found a stormy altar of Qazlal.
  2383 | D:3      | Found a shattered altar of Ashenzari.
  2438 | D:3      | Found a sparkling altar of Nemelex Xobeh.
  2956 | D:3      | Became a worshipper of Ashenzari the Shackled
  3031 | D:4      | Reached XP level 5. HP: 16/28 MP: 6/13
  3339 | D:4      | Reached skill level 7 in Necromancy
  3515 | D:4      | Found a staircase to the Ecumenical Temple.
  3639 | D:3      | Reached skill level 5 in Spellcasting
  3785 | D:4      | Reached skill level 1 in Fighting
  3959 | D:4      | Reached XP level 6. HP: 29/34 MP: 9/15
  3968 | D:4      | Learned a level 3 spell: Regeneration
  4018 | D:5      | Entered Level 5 of the Dungeon
  4258 | D:5      | Noticed an ice beast
  4267 | D:5      | Killed an ice beast
  4550 | D:5      | Shot with an arrow by a centaur

Skill      XL: |  1  2  3  4  5 |
---------------+----------------+-----
Necromancy     | 5 6 7 |  7.9
Spellcasting   | 4 5 |  5.9
Fighting       | 1 |  1.2
Dodging        | |  2.4
Stealth        | |  2.8

Action                   |  1- 3 |  4- 6 || total
-------------------------+-------+-------++-------
Melee: Unarmed           |     4 |       ||     4
       Dagger            |     2 |       ||     2
       Short sword       |     2 |    10 ||    12
 Cast: Pain              |    69 |    92 ||   161
Invok: Curse Item        |       |     2 ||     2
  Use: Scroll            |     3 |       ||     3
       Potion            |       |     1 ||     1
  Eat: Chunk             |     1 |     9 ||    10
Armor: Robe              |    20 |     4 ||    24
Dodge: Dodged            |    51 |    32 ||    83
